 Dungeon Crawl Stone Soup version 0.29-a0-88-g03a7b78be7 (webtiles) character file.

Game seed: 7726856935818654566

21940 dmks the Thaumaturge (level 13, -2/76 HPs)
             Began as a Djinni Fire Elementalist on Feb 5, 2022.
             Was an Elder of Ashenzari.
             Slain by Rupert (26 damage)
             ... while paralysed by Rupert
             ... on level 3 of the Lair of Beasts.
             The game lasted 01:05:18 (22522 turns).

dmks the Thaumaturge (Djinni Fire Elementalist)    Turns: 22522, Time: 01:05:19

Health: -2/76      AC:  6    Str:  7    XL:     13   Next: 23%
Gold:   1872       EV:  2    Int: 23    God:    Ashenzari [****..] SH:  0 Dex: 13

rFire   + + .      SeeInvis +   c - staff of air (curse) {Fort, Melee}
rCold   x . .      Faith    .   g - +0 buckler of the Cursed Shame {Melee, Fort} (curse)
rNeg    . . .      Spirit   .   a - +0 robe "Stellar Vision" {Cun, Melee} (curse)
rPois   ∞          Reflect  .   w - +2 helmet of the Ensconced Oracle {Melee, Self} (curse)
rElec   +          Harm     .   (no cloak)
rCorr   .          Rampage  .   F - +0 pair of gloves "Mantic Mistrust" {Cun, Range} (curse)
Will    +....      Clarity  +   (boots unavailable)
Stlth   ++........              (no amulet)
HPRegen 0.22/turn               A - ring of the Cryptic Planets {Wiz, Evo, Self} (curse)
MPRegen 0.00/turn               (no ring)

@: paralysed, flying
A: sickness immunity, fire resistance 2, cold vulnerability 1, float, innate
caster, HP casting, extra vitality 1
a: Renounce Religion, Shatter the Chains


You were on level 3 of the Lair of Beasts.
You worshipped Ashenzari.
Ashenzari was greatly pleased with you.
You visited 3 branches of the dungeon, and saw 14 of its levels.

You collected 1872 gold pieces.

Inventory:

Hand Weapons
 E - the +12 mace "Dragonslayer" {vorpal, rPois Str+4}
   (You found it on level 2 of the Lair of Beasts)

   It inflicts extra damage upon your enemies.
   Str:       It affects your strength (+4).
   rPois:     It protects you from poison.
Missiles
 b - 4 throwing nets {!f}
Armour
 a - the cursed +0 robe "Stellar Vision" (worn) {Cun, Melee}

   It has a curse which improves the following skills: Cunning: Dodging and
   Stealth.
   Melee Combat: Short Blades, Long Blades, Axes, Maces & Flails, Polearms,
   Staves and Unarmed Combat.
 g - the cursed +0 buckler of the Cursed Shame (worn) {Melee, Fort}
   (You found it on level 2 of the Dungeon)

   It has a curse which improves the following skills: Melee Combat: Short
   Blades, Long Blades, Axes, Maces & Flails, Polearms, Staves and Unarmed
   Combat.
   Fortitude: Armour and Shields.
 k - a +2 helmet
   (You found it on level 4 of the Dungeon)
 l - the +0 robe "Comom" {rC- rCorr Str+4 Dex+7}
   (You found it on level 1 of the Lair of Beasts)

   Str:       It affects your strength (+4).
   Dex:       It affects your dexterity (+7).
   rC:        It makes you vulnerable to cold.
   rCorr:     It protects you from acid and corrosion.
 w - the cursed +2 helmet of the Ensconced Oracle (worn) {Melee, Self}
   (You found it on level 7 of the Dungeon)

   It has a curse which improves the following skills: Melee Combat: Short
   Blades, Long Blades, Axes, Maces & Flails, Polearms, Staves and Unarmed
   Combat.
   Introspection: Fighting and Spellcasting.
 B - a +0 helmet
   (You found it on level 4 of the Dungeon)
 F - the cursed +0 pair of gloves "Mantic Mistrust" (worn) {Cun, Range}
   (You found it on level 2 of the Lair of Beasts)

   It has a curse which improves the following skills: Cunning: Dodging and
   Stealth.
   Ranged Combat: Slings, Bows, Crossbows and Throwing.
 G - a +2 hat
   (You took it off Gastronok on level 3 of the Lair of Beasts)
Magical Staves
 c - a cursed staff of air (weapon) {Fort, Melee}
   (You found it on level 10 of the Dungeon)
 j - a staff of air
   (You found it on level 1 of the Lair of Beasts)
 r - a staff of earth
   (You found it on level 6 of the Dungeon)
Jewellery
 i - a ring of protection from fire
   (You found it on level 10 of the Dungeon)
 s - a ring of positive energy
   (You found it on level 6 of the Dungeon)
 A - the cursed ring of the Cryptic Planets (left hand) {Wiz, Evo, Self}
   (You found it on level 10 of the Dungeon)

   [ring of wizardry]

   It improves your spell success rate.
   It has a curse which improves the following skills: Evocations: Evocations.
   Introspection: Fighting and Spellcasting.
Wands
 d - a wand of iceblast (4)
   (You found it on level 2 of the Lair of Beasts)
 t - a wand of flame (11)
   (You found it on level 1 of the Lair of Beasts)
 u - a wand of paralysis (11)
   (You took it off Ijyb on level 4 of the Dungeon)
 y - a wand of polymorph (7)
   (You found it on level 9 of the Dungeon)
Scrolls
 n - a scroll of immolation {!r}
 o - a scroll of magic mapping
 p - 7 scrolls of fog
 q - 2 scrolls of teleportation {@r4}
 v - a scroll of fear
 C - a scroll of silence
Potions
 e - a potion of degeneration {!q}
 f - a potion of heal wounds {@q2}
 h - 5 potions of curing {@q1}
 m - 2 potions of brilliance
 x - a potion of resistance
 z - a potion of magic
 D - a potion of berserk rage


   Skills:
 + Level 9.8(12.8) Dodging
 - Level 1.5(3.5) Stealth
 + Level 8.7(11.7) Shields
 * Level 13.6(16.5) Spellcasting


You had 13 spell levels left.
You knew the following spells:

 Your Spells              Type           Power      Damage    Failure   Level
a - Foxfire               Conj/Fire      100%       2x1d9     0%          1
b - Scorch                Fire           100%       2d10      0%          2
c - Inner Flame           Hex/Fire       76%        N/A       0%          3
d - Conjure Flame         Conj/Fire      76%        6-21      0%          3
e - Flame Wave            Conj/Fire      76%        2d14      1%          4
f - Beastly Appendage     Tmut           100%       N/A       0%          1
g - Ignite Poison         Fire/Tmut/Pois 76%        N/A       0%          3
h - Frozen Ramparts       Ice            100%       1d12      0%          3
i - Blade Hands           Tmut           38%        N/A       1%          5
j - Manifold Assault      Tloc           76%        N/A       1%          5
x - Poisonous Vapours     Pois/Air       100%       N/A       0%          2
Your spell library was empty.

Dungeon Overview and Level Annotations

Branches:
Dungeon (10/15)            Temple (1/1) D:4            Lair (3/6) D:9
  Snake (0/4) Lair:3
  Swamp: Lair:2-4    Shoals: Lair:2-4       Orc: D:9-12

Altars:
Ashenzari
Cheibriados
Dithmenos
Elyvilon
Fedhas
Gozag
Hepliaklqana
Kikubaaqudgha
Makhleb
Nemelex Xobeh
Okawaru
Qazlal
Ru
Sif Muna
Trog
Uskayaw
Vehumet
Wu Jian
Xom
Yredelemnul
Zin
The Shining One

Annotations:
D:10 3 runed translucent doors, bmj180's ghost, journeyman MfVM
Lair:3 Rupert


Innate Abilities, Weirdness & Mutations

You are immune to sickness and miasma.
You are immune to poison.
Your flesh is very heat resistant. (rF++)
You are vulnerable to cold. (rC-)
You float through the air rather than walking.
You learn spells naturally, not from books.
Your magical power is your life essence.
You have superior vitality. (+4 MHP)


Message History

You start resting.
Found the +1 rapier of Unpleasantness {vorpal, rElec rC+ Str-5 Int+3}.
Rupert the Wild comes into view.
He is wielding a +2 vorpal battleaxe and wearing a +2 leather armour of fire resistance.
Here: Rupert, wielding a +2 vorpal battleaxe and wearing a +2 leather armour of fire resistance (asleep)
The floor.
Aim: Rupert, wielding a +2 vorpal battleaxe and wearing a +2 leather armour of fire resistance (asleep)
You feel a surge of power!
Poisonous vapours surround Rupert!
Rupert is poisoned.
Rupert shouts!
Aim: Rupert, wielding a +2 vorpal battleaxe and wearing a +2 leather armour of fire resistance (lightly wounded, very poisoned)
You feel a surge of power!
Poisonous vapours surround Rupert!
Rupert looks as sick as possible!
Unknown command.
Unknown command.
Unknown command.
Unknown command.
Aim: Rupert, wielding a +2 vorpal battleaxe and wearing a +2 leather armour of fire resistance (lightly wounded, extremely poisoned, chance to affect: 51%) Rupert is filled with an inner flame.
Flame seeps out of Rupert.
Rupert is engulfed in blazing flames.
Flame seeps out of Rupert.
Aim: Rupert, wielding a +2 vorpal battleaxe and wearing a +2 leather armour of fire resistance (moderately wounded, inner flame, extremely poisoned)
You feel a surge of power!
Poisonous vapours surround Rupert!
Rupert looks as sick as possible!
Flame seeps out of Rupert.
Rupert is engulfed in blazing flames.
Flame seeps out of Rupert.
Flame seeps out of Rupert.
You ignite the poison in your surroundings!
Rupert seems to burn from within!!!
Flame seeps out of Rupert.
Rupert is engulfed in blazing flames.
Flame seeps out of Rupert.
Aim: Rupert, wielding a +2 vorpal battleaxe and wearing a +2 leather armour of fire resistance (severely wounded, inner flame)
You feel a surge of power!
Poisonous vapours surround Rupert!
Rupert is poisoned.
Flame seeps out of Rupert.
Rupert is engulfed in blazing flames.
Flame seeps out of Rupert.
Rupert hits you with a +2 vorpal battleaxe!
You ignite the poison in your surroundings!
Rupert seems to burn from within!!
Flame seeps out of Rupert.
Rupert is engulfed in blazing flames.
Flame seeps out of Rupert.
Rupert yells loudly at you. You resist with significant effort.
Rupert is engulfed in blazing flames.
Flame seeps out of Rupert.
Rupert hits you with a +2 vorpal battleaxe!
* * * LOW HITPOINT WARNING * * *
* * * LOW HITPOINT WARNING * * *
Flames lash Rupert.
Rupert resists.
Flame seeps out of Rupert.
Rupert's fire resistance burns away.
* * * LOW HITPOINT WARNING * * *
Rupert is engulfed in blazing flames.
Flame seeps out of Rupert.
Rupert roars wildly at you.
You suddenly lose the ability to move!
Rupert hits you with a +2 vorpal battleaxe!!
You die...

*,, , *#.. ,, , , ,....
..#** **, * #,..P* *..# * ,
##..)#* #.# , *** *..#.#
####.## *, , *## #...#
####.##.#### , , *,
##..#.#.####..##...#####*,
. ,
.........#....#P......###
.. ,
{,#......@@.........#####..
* ,,,*
####............##..##.#. *
###..##..##.............
*,* ##...#.#######.#....?#.
** ##.###### ####.....# *
*P.# ####.÷÷...# , * * ..#
###...÷÷.... *, *.^.#
#...#P.÷.... ,, .P##
###.##..#..#


You could see Rupert (inner flame, combustible).

Vanquished Creatures
  Gastronok (Lair:3)
  2 hydras
  3 two-headed ogres
  A spriggan (Lair:1)
  A torpor snail (Lair:3)
  3 black mambas (Lair:3)
  2 cane toads
  2 rime drakes (Lair:3)
  2 polar bears (Lair:2)
  A hornet (Lair:1)
  A wraith (D:6)
  A wyvern (Lair:3)
  2 basilisks (Lair:1)
  32 yaks
  A steam dragon (D:7)
  2 wargs (D:9)
  18 water moccasins
  7 orc warriors
  3 black bears
  An ice beast (D:7)
  A hornet zombie (D:7)
  2 ogres
  31 wolves
  3 necrophages
  2 centaurs
  5 kobold brigands
  10 bullfrogs
  A gnoll sergeant (D:5)
  3 scorpions
  2 wyvern zombies
  A wyvern skeleton (D:6)
  2 water moccasin skeletons
  A wight (D:6)
  A centaur zombie (D:4)
  2 bullfrog zombies
  4 jellies
  3 hounds
  9 orc priests
  A gnoll shaman (D:6)
  3 iguanas
  10 orc wizards
  Ijyb (D:4)
  2 killer bee zombies
  2 hound skeletons
  A hound zombie (D:5)
  24 gnolls
  5 adders
  A white imp (D:7)
  24 orcs
  6 endoplasms
  3 giant cockroaches
  7 goblins
  5 hobgoblins
  2 jackals (D:1)
  27 kobolds
  5 ball pythons
  8 bats
  A frilled lizard (D:1)
  5 rats
  2 butterflies (Lair:2)
314 creatures vanquished.

Vanquished Creatures (others)
  466 foxfires
  31 fungi
  41 plants
538 creatures vanquished.

Grand Total: 852 creatures vanquished

Notes
Turn   | Place    | Note
-------+----------+-------------------------------------------
     0 | D:1      | dmks the Djinni Fire Elementalist began the quest for the
                  | Orb.
     0 | D:1      | Reached XP level 1. HP: 15/15 MP: 0/0
   469 | D:1      | Reached XP level 2. HP: 14/21 MP: 0/0
   880 | D:1      | Reached skill level 3 in Spellcasting
   982 | D:1      | Reached XP level 3. HP: 23/25 MP: 0/0
   982 | D:1      | Learned a level 1 spell: Beastly Appendage
  1738 | D:2      | Found a faded altar of an unknown god.
  2027 | D:2      | Reached XP level 4. HP: 18/31 MP: 0/0
  2841 | D:2      | Reached skill level 4 in Spellcasting
  3545 | D:3      | Reached XP level 5. HP: 34/35 MP: 0/0
  3545 | D:3      | Learned a level 2 spell: Poisonous Vapours
  4199 | D:4      | Noticed a kobold brigand
  4487 | D:4      | Reached XP level 6. HP: 29/40 MP: 0/0
  4623 | D:4      | Reached skill level 5 in Spellcasting
  5006 | D:4      | Noticed a necrophage
  5012 | D:4      | Killed a necrophage
  5013 | D:4      | Reached XP level 7. HP: 16/45 MP: 0/0
  5013 | D:4      | Learned a level 3 spell: Ignite Poison
  5370 | D:4      | Reached skill level 6 in Spellcasting
  5472 | D:4      | Found a staircase to the Ecumenical Temple.
  5491 | Temple   | Entered the Ecumenical Temple
  6322 | D:4      | Noticed Ijyb
  6325 | D:4      | Killed Ijyb
  6460 | D:5      | Entered Level 5 of the Dungeon
  6498 | D:5      | Reached XP level 8. HP: 39/50 MP: 0/0
  6877 | D:5      | Reached skill level 7 in Spellcasting
  7492 | D:5      | Reached skill level 8 in Spellcasting
  8278 | D:6      | Reached XP level 9. HP: 45/55 MP: 0/0
  8278 | D:6      | Learned a level 3 spell: Frozen Ramparts
  8784 | D:6      | HP: 1/55 [spore (11)]
  8785 | D:6      | Reached skill level 9 in Spellcasting
  9696 | D:6      | Reached skill level 10 in Spellcasting
  9855 | D:6      | Found a glowing golden altar of the Shining One.
  9856 | D:6      | Found a shimmering altar of Xom.
 10105 | D:7      | Reached skill level 1 in Shields
 10112 | D:7      | Reached XP level 10. HP: 33/60 MP: 0/0
 12683 | D:9      | Found a broken altar of Ashenzari.
 12696 | D:9      | Became a worshipper of Ashenzari the Shackled
 12703 | D:9      | Noticed a two-headed ogre
 12714 | D:9      | Killed a two-headed ogre
 12715 | D:9      | Reached skill level 5 in Dodging
 12715 | D:9      | Reached skill level 11 in Spellcasting
 13340 | D:9      | Reached XP level 11. HP: 20/65 MP: 0/0
 13340 | D:9      | Learned a level 5 spell: Blade Hands
 14626 | D:9      | Found a staircase to the Lair.
 14850 | D:10     | Entered Level 10 of the Dungeon
 14868 | D:10     | Noticed a two-headed ogre
 14872 | D:10     | Killed a two-headed ogre
 14873 | D:10     | Reached skill level 5 in Shields
 14886 | D:10     | Noticed a two-headed ogre
 14895 | D:10     | Killed a two-headed ogre
 15575 | D:10     | Found a runed translucent gate.
 15575 | D:10     | Found a runed translucent gate.
 15577 | D:10     | Found a runed translucent gate.
 15579 | D:10     | Noticed bmj180's ghost (journeyman MfVM)
 16104 | Lair:1   | Entered Level 1 of the Lair of Beasts
 16843 | Lair:1   | Reached * piety under Ashenzari
 16858 | Lair:1   | Identified the +0 robe "Comom" {rC- rCorr Str+4 Dex+7}
 17051 | Lair:1   | Reached skill level 12 in Spellcasting
 17800 | Lair:1   | Reached ** piety under Ashenzari
 17908 | Lair:1   | Reached XP level 12. HP: 48/70 MP: 0/0
 18025 | Lair:1   | Noticed a spriggan rider
 18029 | Lair:1   | Killed a spriggan rider
 19167 | Lair:2   | Identified a scroll of acquirement
 19176 | Lair:2   | Acquired 1062 gold pieces
 19251 | Lair:2   | Reached *** piety under Ashenzari
 19397 | Lair:2   | Identified the +12 mace "Dragonslayer" {vorpal, rPois
                  | Str+4}
 19745 | Lair:2   | Noticed a four-headed hydra
 19760 | Lair:2   | Killed a four-headed hydra
 20258 | Lair:3   | Noticed Gastronok
 20268 | Lair:3   | Killed Gastronok
 20269 | Lair:3   | Reached skill level 13 in Spellcasting
 21020 | Lair:3   | Noticed a seven-headed hydra
 21025 | Lair:3   | Killed a seven-headed hydra
 21026 | Lair:3   | Reached XP level 13. HP: 11/75 MP: 0/0
 21026 | Lair:3   | Learned a level 5 spell: Manifold Assault
 22016 | Lair:3   | Found a staircase to the Snake Pit.
 22088 | Lair:3   | Reached **** piety under Ashenzari
 22500 | Lair:3   | Identified the +1 rapier of Unpleasantness {vorpal, rElec
                  | rC+ Str-5 Int+3}
 22502 | Lair:3   | Noticed Rupert
 22521 | Lair:3   | Paralysed by Rupert for 2 turns
 22522 | Lair:3   | Slain by Rupert

Illustrated notes

Levels and vault maps discovered:
D:1:      lemuel_arrival_funnel, layout_loops_corners, minmay_pentomino_p4
D:2:      layout_basic, ebering_ecumenical_altar_rust,
          kennysheep_generic_room_10
D:3:      layout_rooms
D:4:      layout_gridville, minmay_temple_entry_glass, hangedman_decor_riveting,
          uniq_ijyb
D:5:      layout_basic
D:6:      minmay_clustersquares, layout_basic, mainiacjoe_overflow_divided_tiny
D:7:      layout_cave_pods
D:8:      layout_basic
D:9:      layout_rooms, mainiacjoe_overflow_six_doors_small,
          erik_lair_orcish_takeover
D:10:     layout_basic, gammafunk_ghost_nasty_kobolds
Temple:   mainiacjoe_temple_bowtie_tessellation
Lair:1:   layout_cave_pods, grunt_forest_large_clearings,
          infiniplex_staircase_pool_2
Lair:2:   layout_regular_city, cheibrodos_lair_lostbears, lemuel_fruit_fields
Lair:3:   layout_loops_ring, minmay_snake_entry_six_corridors, uniq_gastronok,
          uniq_rupert

Skill      XL: |  1  2  3  4  5  6  7  8  9 10 11 12 |
---------------+-------------------------------------+-----
Spellcasting   | 3 4 5 6 8 10 11 12 13 | 13.6
Shields        | 1 4 6 8 |  8.7
Dodging        | 3 5 7 9 |  9.8
Stealth        | |  1.5

Action                   |  1- 3 |  4- 6 |  7- 9 | 10-12 | 13-15 || total
-------------------------+-------+-------+-------+-------+-------++-------
Melee: Unarmed           |       |       |     1 |       |       ||     1
       Staff             |       |       |       |     4 |       ||     4
 Cast: Foxfire           |    61 |    62 |    74 |    46 |    34 ||   277
       Scorch            |     2 |    14 |    26 |    32 |    11 ||    85
       Inner Flame       |     2 |     3 |    24 |    39 |     5 ||    73
       Flame Wave        |       |     1 |     2 |     6 |       ||     9
       Poisonous Vapours |       |     4 |    36 |   166 |    13 ||   219
       Ignite Poison     |       |       |    11 |    70 |     9 ||    90
       Conjure Flame     |       |       |     9 |    14 |       ||    23
       Frozen Ramparts   |       |       |     1 |     3 |       ||     4
Invok: Curse Item        |       |       |       |     5 |     1 ||     6
Evoke: Wand              |       |       |     1 |       |       ||     1
  Use: Scroll            |       |     6 |       |    16 |       ||    22
       Potion            |       |       |     3 |     4 |       ||     7
Armor: Robe              |     2 |     1 |    14 |    11 |     4 ||    32
Dodge: Dodged            |     6 |    16 |    31 |    61 |    24 ||   138
Block: Buckler           |       |     5 |    15 |    34 |    21 ||    75

Table legend: (Time is in decaauts)
 A = Elapsed time spent in this place.
 B = Non-inter-level travel time spent in this place.
 C = Inter-level travel time spent in this place.
 D = Time resting spent in this place.
 E = Time spent auto-exploring this place.
 F = Levels seen in this place.
 G = Mean time per level.
                   A        B        C        D        E       F      G
               +--------+--------+--------+--------+--------+-----+--------+
         Total |  22552 |  22114 |    438 |   9892 |   8748 |  14 | 1610.9 |
       Dungeon |  16579 |  16232 |    347 |   7241 |   6509 |  10 | 1657.9 |
        Temple |    228 |    197 |     31 |      0 |    185 |   1 |  228.0 |
          Lair |   5743 |   5683 |     60 |   2651 |   2054 |   3 | 1914.3 |
               +--------+--------+--------+--------+--------+-----+--------+

Top non-repeatable levels by time:
  Lair:1: 2357 daAuts
     D:9: 2305 daAuts
  Lair:3: 2058 daAuts
     D:4: 1977 daAuts
     D:6: 1959 daAuts
     D:8: 1913 daAuts
     D:2: 1846 daAuts
     D:5: 1627 daAuts
     D:1: 1588 daAuts
    D:10: 1501 daAuts
  Lair:2: 1327 daAuts
     D:7: 1039 daAuts
     D:3: 820 daAuts
  Temple: 228 daAuts
